 Dungeon Crawl Stone Soup version 0.30-a0-374-g95c0257040 (webtiles) character file.

Game seed: 17790427304310402353

54 Elric the Firebug (level 3, -1/19 HPs)
             Began as a Deep Elf Fire Elementalist on Nov 25, 2022.
             Slain by an iguana (9 damage)
             ... on level 3 of the Dungeon.
             The game lasted 00:02:30 (2132 turns).

Elric the Firebug (Deep Elf Fire Elementalist)      Turns: 2132, Time: 00:02:31

Health: -1/19      AC:  3    Str:  5    XL:     3   Next: 66%
Magic:  6/10       EV: 13    Int: 21    God:
Gold:   88         SH:  0    Dex: 15    Spells: 6/9 levels left

rFire   . . .      SeeInvis .    h - +0 whip (flame)
rCold   . . .      Faith    .    (no shield)
rNeg    . . .      Spirit   .    a - +0 robe
rPois   .          Reflect  .    (no helmet)
rElec   .          Harm     .    (no cloak)
rCorr   .          Rampage  .    f - +0 pair of gloves
Will    +....                    (no boots)
Stlth   ++........               (no amulet)
HPRegen 0.23/turn                g - ring of willpower
MPRegen 0.12/turn                (no ring)

@: no status effects
A: no striking features
a: no special abilities


You were on level 3 of the Dungeon.
You visited 1 branch of the dungeon, and saw 3 of its levels.

You collected 88 gold pieces.

Inventory:

Hand Weapons
 h - a +0 whip of flaming (weapon)
Missiles
 d - 2 atropa-tipped darts
 e - 5 poisoned darts
Armour
 a - a +0 robe (worn)
 f - a +0 pair of gloves (worn)
Jewellery
 g - a ring of willpower (left hand)
Scrolls
 j - 2 scrolls of teleportation {unknown}
 k - a scroll of fear {unknown}
 l - 3 scrolls of identify {unknown}
 n - a scroll of magic mapping {unknown}
 o - a scroll of poison {unknown}
Potions
 b - a potion of magic
 c - a potion of attraction {unknown}
 i - 2 potions of curing {unknown}
 m - 2 potions of invisibility {unknown}


   Skills:
 - Level 2.7 Dodging
 - Level 2.8 Stealth
 + Level 3.8 Spellcasting
 + Level 2.1 Conjurations
 + Level 3.9 Fire Magic


You had 6 spell levels left.
You knew the following spells:

 Your Spells              Type           Power      Damage    Failure   Level
a - Foxfire               Conj/Fire      64%        2x1d7     3%          1
b - Scorch                Fire           40%        2d7       3%          2

Your spell library contained the following spells:

 Spells                   Type           Power      Damage    Failure   Level
 Sandblast                Erth           6%         2d5       12%         1
 Inner Flame              Hex/Fire       12%        N/A       17%         3
 Passwall                 Tmut/Erth      2%         N/A       19%         2
 Kindle Blastsparks       Fire/Tloc/Air  18%        2d11      22%         3
 Stone Arrow              Conj/Erth      16%        3d8       24%         3
 Flame Wave               Conj/Fire      16%        2d7       34%         4


Dungeon Overview and Level Annotations

Branches:
Dungeon (3/15)

Altars:

Shops:
D:1 =*


Message History

Where to? (Enter - D:2, ? - help)
What level of the Dungeon? (default 1, ? - help)
There is a stone staircase leading down here.
You climb downwards.
Found 4 large rocks.
There is a stone staircase leading up here.
You now have 88 gold pieces (gained 12).
An iguana comes into view.
An iguana is nearby!
An iguana is nearby!
Casting: Foxfire (safe; 3% risk of failure)
Confirm with . or Enter, or press ? or * to list all spells.
You conjure some foxfire!
The iguana hisses angrily.
The foxfire hits the iguana.
The iguana is lightly wounded.
The foxfire hits the iguana but does no damage.
The iguana is lightly wounded.
An iguana is nearby!
Casting: Foxfire (safe; 3% risk of failure)
Confirm with . or Enter, or press ? or * to list all spells.
You conjure some foxfire!
The iguana misses you.
The foxfire hits the iguana.
The iguana is lightly wounded.
The iguana bites you!
Ouch! That really hurt!
An iguana is nearby!
Casting: Foxfire (safe; 3% risk of failure)
Confirm with . or Enter, or press ? or * to list all spells.
You conjure some foxfire!
The iguana bites you.
The foxfire hits the iguana but does no damage.
The iguana is lightly wounded.
The foxfire hits the iguana.
The iguana is moderately wounded.
The iguana misses you.
An iguana is nearby!
Casting: Foxfire (safe; 3% risk of failure)
Confirm with . or Enter, or press ? or * to list all spells.
You conjure some foxfire!
The iguana bites you!
You die...

#......# .
#......# ..
#.....?# ...
#......#
..###......#
.........#
#lvv...#
#@#####
#v##..+
#....#
###..##
###..#####
#........#
#.##...#.#
#.#(.....#
#.#.##<#.#


You could see an iguana (ally target).

Vanquished Creatures
  2 adders (D:2)
  A dart slug (D:1)
  3 ball pythons
  4 bats
  3 endoplasms
  3 giant cockroaches
  3 goblins
  2 jackals (D:2)
  5 kobolds
  3 quokkas (D:1)
  A frilled lizard (D:1)
  2 rats (D:1)
32 creatures vanquished.

Vanquished Creatures (others)
  161 foxfires
161 creatures vanquished.

Grand Total: 193 creatures vanquished

Notes
Turn   | Place    | Note
-------+----------+-------------------------------------------
     0 | D:1      | Elric the Deep Elf Fire Elementalist began the quest for
                  | the Orb.
     0 | D:1      | Reached XP level 1. HP: 10/10 MP: 6/6
   293 | D:1      | Reached XP level 2. HP: 14/15 MP: 0/8
   679 | D:1      | Found Plog's General Store.
   833 | D:1      | Learned a level 2 spell: Scorch
   879 | D:1      | Found Jyges's Jewellery Emporium.
  1228 | D:2      | Reached XP level 3. HP: 19/19 MP: 2/9
  2132 | D:3      | Slain by an iguana

Illustrated notes

Levels and vault maps discovered:
D:1:      lightli_arrival_flooded_house, layout_loops_ring, serial_shops,
          nicolae_shop_statue_plus, shop
D:2:      layout_basic, minmay_crystal_water
D:3:      layout_basic, nicolae_gozag_cash_rules_everything_around_me,
          eino_tiny_chamber, uniq_terence

Skill      XL: |  1  2  3 |
---------------+----------+-----
Conjurations   | 2 |  2.1
Dodging        | |  2.7
Stealth        | |  2.8
Spellcasting   | |  3.8
Fire Magic     | |  3.9

Action                   || total
-------------------------++-------
 Cast: Foxfire           ||   100
Armor: Robe              ||    10
Dodge: Dodged            ||    24

Table legend: (Time is in decaauts)
 A = Elapsed time spent in this place.
 B = Non-inter-level travel time spent in this place.
 C = Inter-level travel time spent in this place.
 D = Time resting spent in this place.
 E = Time spent auto-exploring this place.
 F = Levels seen in this place.
 G = Mean time per level.
                   A        B        C        D        E       F      G
               +--------+--------+--------+--------+--------+-----+--------+
         Total |   2131 |   2010 |    121 |     40 |   1672 |   3 |  710.3 |
       Dungeon |   2131 |   2010 |    121 |     40 |   1672 |   3 |  710.3 |
               +--------+--------+--------+--------+--------+-----+--------+

Top non-repeatable levels by time:
     D:1: 1157 daAuts
     D:2: 950 daAuts
     D:3: 23 daAuts
